 Dungeon Crawl Stone Soup version 0.21.1-1-g345015f (webtiles) character file.

0 inc the Vexing (level 1, -1/7 HPs)
             Began as a Felid Enchanter on Feb 19, 2018.
             Slain by a hobgoblin
             ... wielding a +0 club
              (6 damage)
             ... on level 1 of the Dungeon.
             The game lasted 00:00:33 (59 turns).

inc the Vexing (Felid Enchanter)                      Turns: 59, Time: 00:00:34

Health: -1/7       AC:  1    Str:  4    XL:     1   Next: 8%
Magic:  4/4        EV: 18    Int: 16    God:
Gold:   29         SH:  0    Dex: 16    Spells: 3/4 levels left
                                        Lives:  0   Deaths: 0

rFire    . . .     SeeInvis +     - Unarmed
rCold    . . .     Gourm    .   (shield unavailable)
rNeg     . . .     Faith    .   (armour unavailable)
rPois    .         Spirit   .   (helmet unavailable)
rElec    .         Reflect  .   (cloak unavailable)
rCorr    .         Harm     .   (gloves unavailable)
MR       .....                  (boots unavailable)
Stlth    +++.......             (no amulet)
HPRegen  0.02/turn              (no ring)
MPRegen  0.09/turn              (no ring)

@: quick
A: very small, no armour, no weapons or thrown items, stealth, claws 1, fangs 3,
see invisible, carnivore, speed 1, shaggy fur 1, slow metabolism 1, sharp paws
a: no special abilities


You were on level 1 of the Dungeon.
You were not hungry.

You visited 1 branch of the dungeon, and saw 1 of its levels.

You collected 29 gold pieces.

Inventory:

Scrolls
 c - a scroll of amnesia {unknown}
Books
 a - a book of Maledictions

   Spells                             Type                      Level
   a - Corona                         Hexes                        1
   b - Ensorcelled Hibernation        Hexes/Ice                    2
   c - Confuse                        Hexes                        3
   d - Tukima's Dance                 Hexes                        3
   e - Dazzling Spray                 Conjuration/Hexes            3
Comestibles
 b - a ration


   Skills:
 - Level 2.6 Dodging
 + Level 4.1 Stealth
 - Level 1.0 Unarmed Combat
 - Level 2.0 Spellcasting
 - Level 4.4 Hexes


You had 3 spell levels left.
You knew the following spells:

 Your Spells              Type           Power        Failure   Level  Hunger
a - Corona                Hex            ###....      3%          1    #......


Dungeon Overview and Level Annotations

Branches:
Dungeon (1/15)

Altars:


Innate Abilities, Weirdness & Mutations

You cannot wear armour.
You are incapable of wielding weapons or throwing items.
Your paws allow you to move quietly. (Stealth)
You have sharp claws.
You have razor-sharp teeth.
You have supernaturally acute eyesight. (SInv)
You are carnivorous and can eat meat at any time.
You cover ground quickly.
You are covered in fur. (AC +1)
You have a slow metabolism.
Your sharp claws are effective at attacking unaware monsters.


Message History

A hobgoblin comes into view. It is wielding a club.
c - a scroll labeled YTIMOFU LYPTONO The hobgoblin shouts!
You scratch the hobgoblin. Your bite misses the hobgoblin.
The hobgoblin is heavily wounded.
The hobgoblin closely misses you.
You barely miss the hobgoblin.
The hobgoblin is heavily wounded.
The hobgoblin completely misses you.
You scratch the hobgoblin but do no damage.
The hobgoblin is heavily wounded.
The hobgoblin closely misses you.
You barely miss the hobgoblin.
The hobgoblin is heavily wounded.
The hobgoblin hits you with a club.
You scratch the hobgoblin.
The hobgoblin is severely wounded.
The hobgoblin hits you with a club.
Ouch! That really hurt!
You die...

#. .. . #.######.#
..#.....##.## #
............#.#
....).)......# ##
#......#.# ...
###.....#.###..#
#[.............#.!
#.#@....##.##..#.# ..
#g...........#.##.
##..>.####...........
...........#.#....###
#....####............
#....# #..#.#...#.##
#....# #..........#d
#....# #..†...#..###
#.#.#..#...'.


You could see a hobgoblin.

Vanquished Creatures
  A rat (D:1)
1 creature vanquished.

Notes
Turn   | Place    | Note
-------+----------+-------------------------------------------
     0 | D:1      | inc the Felid Enchanter began the quest for the Orb.
     0 | D:1      | Reached XP level 1. HP: 7/7 MP: 4/4
     2 | D:1      | Noticed a tengu
     2 | D:1      | Noticed a centaur
     4 | D:1      | Noticed an ogre
     4 | D:1      | Noticed a naga
     6 | D:1      | Noticed a dwarf
     6 | D:1      | Noticed a troll
     9 | D:1      | Noticed a human
    11 | D:1      | Noticed a vine stalker
    13 | D:1      | Noticed a ghoul
    15 | D:1      | Noticed a gargoyle
    15 | D:1      | Noticed a demigod
    17 | D:1      | Noticed a spriggan
    17 | D:1      | Noticed a minotaur
    19 | D:1      | Noticed a vampire
    19 | D:1      | Noticed a halfling
    21 | D:1      | Noticed a merfolk
    21 | D:1      | Noticed an octopode
    23 | D:1      | Noticed an elf
    23 | D:1      | Noticed a demonspawn
    25 | D:1      | Noticed a felid
    25 | D:1      | Noticed a formicid
    27 | D:1      | Noticed a draconian
    59 | D:1      | Slain by a hobgoblin

Action                   || total
-------------------------++-------
Melee: Unarmed           ||     6
 Stab: Sleeping          ||     1
Dodge: Dodged            ||     3
